 Dungeon Crawl Stone Soup version 0.26.1-2-gb8aa6d0cf2 (webtiles) character file.

Game seed: 15846214196238228424

33 FishyPogo the Ruffian (level 3, -2/29 HPs)
             Began as a Draconian Transmuter on Feb 27, 2021.
             Slain by Jessica
             ... wielding a +2 spectral club
              (5 damage)
             ... on level 2 of the Dungeon.
             The game lasted 00:03:16 (1908 turns).

FishyPogo the Ruffian (Draconian Transmuter)        Turns: 1908, Time: 00:03:17

Health: -2/29      AC:  0    Str: 12    XL:     3   Next: 12%
Magic:  0/6        EV: 14    Int: 14    God:
Gold:   49         SH:  0    Dex: 11    Spells: 0/6 levels left

rFire    . . .     SeeInvis .     - Unarmed
rCold    . . .     Faith    .   (shield currently unavailable)
rNeg     . . .     Spirit   +   (armour unavailable)
rPois    .         Reflect  .   (helmet currently unavailable)
rElec    .         Harm     .   (cloak currently unavailable)
rCorr    .         Rampage  .   (gloves currently unavailable)
Will     .....                  (boots currently unavailable)
Stlth    +.........             b - amulet of guardian spirit
HPRegen  0.09/turn              (ring currently unavailable)
MPRegen  0.10/turn              (ring currently unavailable)

@: pig-form (expiring), very quick
A: small, unfitting armour, AC +5
a: no special abilities


You were on level 2 of the Dungeon.
You were a filthy swine.
You visited 1 branch of the dungeon, and saw 2 of its levels.

You collected 49 gold pieces.

Inventory:

Missiles
 c - 130 stones
Armour
 e - a +0 cloak (melded)
Jewellery
 b - an amulet of guardian spirit (around neck)
Scrolls
 a - 3 scrolls of enchant armour {unknown}
 d - 2 scrolls of amnesia {unknown}
 f - a scroll of fog {unknown}
 h - a scroll of identify {unknown}
 i - a scroll of remove curse {unknown}
 j - a scroll of teleportation {unknown}
Potions
 g - a potion of attraction {unknown}


   Skills:
 * Level 2.2 Fighting
 - Level 2.0 Dodging
 + Level 3.2 Unarmed Combat
 - Level 2.0 Spellcasting
 * Level 2.5 Transmutations


You couldn't memorise any spells.
You knew the following spells:

 Your Spells              Type           Power        Failure   Level
l - Spider Form           Tmut/Pois      2%           38%         3
u - Wereblood             Tmut           8%           13%         2
y - Beastly Appendage     Tmut           16%          9%          1

Your spell library contained the following spells:

 Spells                   Type           Power        Failure   Level
 Ice Form                 Ice/Tmut       4%           80%         4
 Blade Hands              Tmut           4%           93%         5


Dungeon Overview and Level Annotations

Branches:
Dungeon (2/15)

Altars:

Annotations:
D:2 Jessica


Innate Abilities, Weirdness & Mutations

((Your plain brown scales are hard. (AC +5)))
You cannot fit into any form of body armour.
((You are cold-blooded and may be slowed by cold attacks.))


Message History

Something hits you.
The spectral weapon appears!
You hit something. Something hits you. The spectral weapon hits you.
* * * LOW HITPOINT WARNING * * *
Something hits you.
* * * LOW HITPOINT WARNING * * *
You closely miss something. The spectral weapon misses you.
You hear a zap.
You barely miss something. Something hits you.
* * * LOW HITPOINT WARNING * * *
The spectral weapon completely misses you.
You closely miss something.
Your transformation is almost over.
Something hits you.
* * * LOW HITPOINT WARNING * * *
The spectral weapon hits you but does no damage.
You miss something.
You hear a zap.
Something tries to affect you, but you resist.
Something hits you.
You die...

...##...# #.#############...
#...# #.# #.#. #...# #.### #.#.
#.... ....# #.#. ####. #.#(# #.#.
{###########.#. .#.........#.#.
#############.#.........#.##
#.........(h{.#.........#.#.
#.#############.........#.#. #.#
#........'.........#.#.
#.####.########.........#.#.
#.#......#.# #.........#.## #.#
#.#.##.#.#.####.........#.#
#.####.#.#..#.#....+.........#.#
#.#......#..#<..####.........#.#
#.#......##.#.#................##


You could see a +2 spectral club (summoned).

Vanquished Creatures
  2 worms (D:2)
  A leopard gecko (D:1)
  A ball python (D:2)
  5 bats
  4 goblins
  2 hobgoblins
  3 frilled lizards
  5 kobolds
  3 rats
26 creatures vanquished.

Notes
Turn   | Place    | Note
-------+----------+-------------------------------------------
     0 | D:1      | FishyPogo the Draconian Transmuter began the quest for the
                  | Orb.
     0 | D:1      | Reached XP level 1. HP: 16/16 MP: 3/3
   423 | D:1      | Reached XP level 2. HP: 24/24 MP: 3/5
   453 | D:1      | Learned a level 2 spell: Wereblood
  1259 | D:2      | Reached XP level 3. HP: 29/29 MP: 4/6
  1355 | D:2      | Learned a level 3 spell: Spider Form
  1768 | D:2      | Noticed Jessica
  1908 | D:2      | Slain by Jessica

Illustrated notes

Levels and vault maps discovered:
D:1:      amcnicky_arrival_blooded_trapdoor, layout_basic
D:2:      layout_basic, uniq_jessica

Skill      XL: |  1  2 |
---------------+-------+-----
Fighting       | 2 |  2.2
Dodging        | 2 |  2.0
Unarmed Combat | |  3.2
Spellcasting   | |  2.0
Transmutations | |  2.5

Action                   || total
-------------------------++-------
Melee: Unarmed           ||    88
       Kick              ||    13
       Headbutt          ||     4
       Tailslap          ||     6
 Cast: Beastly Appendage ||    19
Armor: Skin              ||    20
Dodge: Dodged            ||    61
